 Dungeon Crawl Stone Soup version 0.29-a0-919-gd064cfad1c (webtiles) character file.

Game seed: 5360665626444527245

89 quixfox the Digger (level 4, -1/24 HPs)
             Began as a Gargoyle Earth Elementalist on July 27, 2022.
             Killed from afar by an orc wizard (10 damage)
             ... with a magic dart
             ... on level 3 of the Dungeon.
             The game lasted 00:04:08 (2367 turns).

quixfox the Digger (Gargoyle Earth Elementalist)    Turns: 2367, Time: 00:04:09

Health: -1/24      AC:  5    Str: 12    XL:     4   Next: 55%
Magic:  7/8        EV: 11    Int: 17    God:
Gold:   161        SH:  0    Dex: 10    Spells: 3/9 levels left

rFire   . . .      SeeInvis .   h - +0 spear
rCold   . . .      Faith    .   (no shield)
rNeg    + . .      Spirit   .   a - +0 robe
rPois   ∞          Reflect  .   (no helmet)
rElec   +          Harm     .   (no cloak)
rCorr   .          Rampage  .   (no gloves)
Will    .....                   (no boots)
Stlth   ++........              (no amulet)
HPRegen 0.08/turn               (no ring)
MPRegen 0.11/turn               (no ring)

@: no status effects
A: sickness immunity, AC +3, negative energy resistance 1, electricity
resistance, torment resistance 1, petrification resistance
a: no special abilities


You were on level 3 of the Dungeon.
You visited 1 branch of the dungeon, and saw 3 of its levels.

You collected 161 gold pieces.

Inventory:

Hand Weapons
 h - a +0 spear (weapon)
Armour
 a - a +0 robe (worn)
Wands
 r - a wand of flame (15)
Scrolls
 c - a scroll of fog {unknown}
 d - a scroll of torment {unknown}
 e - a scroll of vulnerability {unknown}
 m - 2 scrolls of identify {unknown}
 p - 2 scrolls of enchant armour {unknown}
 q - a scroll of poison {unknown}
Potions
 b - 3 potions of magic
 f - 3 potions of heal wounds
 g - a potion of degeneration {unknown}
 i - a potion of lignification {unknown}
 j - a potion of curing {unknown}
 k - a potion of haste {unknown}
 l - a potion of mutation {unknown}
 n - 3 potions of cancellation {unknown}
 o - 2 potions of might {unknown}


   Skills:
 - Level 1.5 Dodging
 - Level 2.1 Stealth
 + Level 3.1 Spellcasting
 + Level 1.5 Conjurations
 - Level 0.7 Transmutations
 + Level 4.8 Earth Magic


You had 3 spell levels left.
You knew the following spells:

 Your Spells              Type           Power      Damage    Failure   Level
a - Sandblast             Erth           38%        2d10      2%          1
b - Passwall              Tmut/Erth      10%        N/A       9%          2
c - Stone Arrow           Conj/Erth      26%        3d8       14%         3

Your spell library contained the following spells:

 Spells                   Type           Power      Damage    Failure   Level
 Ensorcelled Hibernation  Hex/Ice        4%         N/A       26%         2
 Swiftness                Air            2%         N/A       45%         3
 Petrify                  Tmut/Erth      12%        N/A       47%         4


Dungeon Overview and Level Annotations

Branches:
Dungeon (3/15)

Altars:

Shops:
D:2 (


Innate Abilities, Weirdness & Mutations

You are immune to sickness and miasma.
Your stone body is resilient. (AC +3)
You are immune to poison.
You resist negative energy. (rN+)
You are resistant to electric shocks. (rElec)
You are resistant to unholy torment.
You are immune to petrification.


Message History

You feel less confused.
You hear some strange, mumbled words.
You are confused.
You miss something.
You hear some strange, mumbled words.
You are more confused.
You bump into the rock wall.
You hear some strange, mumbled words.
A magic dart appears from out of thin air!
The magic dart hits you.
You're too confused to move!
Something hits you but does no damage. Something hits you.
Something freezes you.
You bump into the rock wall.
Something hits you.
* * * LOW HITPOINT WARNING * * *
Something freezes you.
* * * LOW HITPOINT WARNING * * *
You completely miss something. Something hits you.
* * * LOW HITPOINT WARNING * * *
Something freezes you.
* * * LOW HITPOINT WARNING * * *
You feel much better. Something hits you. Something freezes you.
You closely miss something. Something hits you but does no damage.
You hear some strange, mumbled words.
A magic dart appears from out of thin air!
The magic dart hits you!
You bump into the rock wall.
Something hits you but does no damage.
An orc wizard appears from thin air!
Reactivating autopickup.
You closely miss the orc wizard.
You feel less confused.
The orc wizard hits you with a +1 dagger of freezing.
The orc wizard freezes you.
Aiming: Sandblast (safe; 2% risk of failure)
Press: ? - help, Q - select action, (/) - cycle Shift-Dir - straight line, f - orc wizard
Aim: an orc wizard, wielding a +1 dagger of freezing and wearing a +0 robe (77% to hit)
The blast of sand hits the orc wizard.
The orc wizard is heavily wounded.
The orc wizard casts a spell at you. The magic dart hits you!
You die...

#..#..............#
#..#..............#
#.......).........#
#..####.##.#....#..
#..####.##(#....# #
#.......##.#†...#
##.#######.#....##
#.# #..<....# #@#
#...........#
#.##########o#
#.###.....#.#
.....).......#
#.....##.#
....##########
#...... .# .
#....... .....#..
##..#....#


You could see an orc wizard.

Vanquished Creatures
  Terence (D:3)
  An orc wizard (D:3)
  2 worms (D:2)
  2 orcs
  2 endoplasms
  2 giant cockroaches (D:2)
  4 goblins
  2 hobgoblins
  2 kobolds (D:2)
  2 quokkas (D:1)
  3 ball pythons
  4 bats
  2 frilled lizards
  3 rats
32 creatures vanquished.

Vanquished Creatures (others)
  2 plants (D:2)
2 creatures vanquished.

Grand Total: 34 creatures vanquished

Notes
Turn   | Place    | Note
-------+----------+-------------------------------------------
     0 | D:1      | quixfox the Gargoyle Earth Elementalist began the quest for
                  | the Orb.
     0 | D:1      | Reached XP level 1. HP: 10/10 MP: 3/3
   302 | D:1      | Reached XP level 2. HP: 15/15 MP: 3/5
   357 | D:1      | Reached skill level 4 in Earth Magic
  1213 | D:2      | Found Kouc Zigh's Weapon Boutique.
  1518 | D:2      | Reached XP level 3. HP: 7/19 MP: 0/7
  1521 | D:2      | Learned a level 2 spell: Passwall
  1525 | D:2      | Learned a level 3 spell: Stone Arrow
  2206 | D:3      | Noticed Terence
  2214 | D:3      | Killed Terence
  2215 | D:3      | Reached skill level 1 in Conjurations
  2215 | D:3      | Reached XP level 4. HP: 16/24 MP: 3/8
  2367 | D:3      | Killed from afar by an orc wizard

Illustrated notes

Levels and vault maps discovered:
D:1:      lightli_arrival_lavapool, layout_loops_cross
D:2:      cheibrodos_old_hovel, layout_loops_cross, serial_shops,
          nicolae_shop_statue_plus
D:3:      layout_loops_cross, mainiacjoe_overflow_small_starburst, uniq_terence

Skill      XL: |  1  2  3 |
---------------+----------+-----
Earth Magic    | 4 |  4.8
Spellcasting   | 3 |  3.1
Conjurations   | 1 |  1.5
Dodging        | |  1.5
Stealth        | |  2.1
Transmutations | |  0.7

Action                   |  1- 3 |  4- 6 || total
-------------------------+-------+-------++-------
Melee: Spear             |       |    11 ||    11
 Cast: Sandblast         |    57 |     4 ||    61
  Use: Potion            |       |     2 ||     2
Armor: Robe              |     2 |     8 ||    10
Dodge: Dodged            |    14 |     2 ||    16

Table legend: (Time is in decaauts)
 A = Elapsed time spent in this place.
 B = Non-inter-level travel time spent in this place.
 C = Inter-level travel time spent in this place.
 D = Time resting spent in this place.
 E = Time spent auto-exploring this place.
 F = Levels seen in this place.
 G = Mean time per level.
                   A        B        C        D        E       F      G
               +--------+--------+--------+--------+--------+-----+--------+
         Total |   2427 |   2364 |     63 |    211 |   1778 |   3 |  809.0 |
       Dungeon |   2427 |   2364 |     63 |    211 |   1778 |   3 |  809.0 |
               +--------+--------+--------+--------+--------+-----+--------+

Top non-repeatable levels by time:
     D:2: 1191 daAuts
     D:1: 1047 daAuts
     D:3: 187 daAuts
